 Dungeon Sprint DCSS version 0.27-a0-978-g2aa4ecdaef (webtiles) character file.

Game seed: 17275624873109389189

8040 rocky1 the Nimble (level 11, -32/87 HPs)
             Began as a Djinni Ice Elementalist on Apr 11, 2021.
             Was the Champion of Makhleb.
             Killed from afar by a white draconian (60 damage)
             ... with a blast of cold
             ... in the Dungeon (Sprint VII: "The Pits") on Apr 15, 2021.
             The game lasted 00:13:51 (2856 turns).

rocky1 the Nimble (Djinni Ice Elementalist)         Turns: 2856, Time: 00:13:52

Health: -32/87     AC: 11    Str:  7    XL:     11   Next: 24%
Gold:   0          EV: 21    Int: 23    God:    Makhleb [******] SH:  0 Dex: 17

rFire    + + .     SeeInvis .   n - +2 scimitar "Cucuuz" {flame, rPois Int+3}
rCold    x . .     Faith    .   (no shield)
rNeg     . . .     Spirit   .   p - +0 leather armour
rPois    ∞         Reflect  .   (no helmet)
rElec    .         Harm     .   (no cloak)
rCorr    .         Rampage  .   (no gloves)
Will     +....     NoTele   +   (boots unavailable)
Stlth    ++++......             (no amulet)
HPRegen  0.24/turn              h - +3 ring of dexterity
MPRegen  0.00/turn              b - +3 ring of evasion

@: ice-armoured, freezing walls, flying
A: fire resistance 2, cold vulnerability 1, float, innate caster, hp casting,
extra vitality 1
a: Renounce Religion, Minor Destruction, Lesser Servant of Makhleb, Major
Destruction, Greater Servant of Makhleb


You were in the Dungeon.
You worshipped Makhleb.
Makhleb was exalted by your worship.
You visited 1 branch

Inventory:

Hand Weapons
 k - a +0 long sword of holy wrath
 n - the +2 scimitar "Cucuuz" (weapon) {flame, rPois Int+3}
   (You found it in the Dungeon)

   It has been specially enchanted to burn those struck by it, causing extra
   injury to most foes and up to half again as much damage against particularly
   susceptible opponents.
   Big, fiery blades are also staple armaments of hydra-hunters.
   It affects your intelligence (+3).
   It protects you from poison.
Armour
 o - a +4 chain mail
 p - a +0 leather armour (worn)
Jewellery
 b - a +3 ring of evasion (right hand)
 h - a +3 ring of dexterity (left hand)
Scrolls
 g - a scroll of blinking
 j - a scroll of summoning
Potions
 c - 7 potions of curing
 d - a potion of heal wounds
 e - 2 potions of haste
 f - 3 potions of berserk rage
 i - 2 potions of invisibility
 l - 2 potions of brilliance
 m - a potion of might


   Skills:
 + Level 11.1 Fighting
 + Level 10.4 Long Blades
 + Level 6.0 Armour
 + Level 12.3 Dodging
 + Level 10.5 Stealth
 + Level 10.2 Spellcasting
 + Level 8.7 Invocations


You had one spell level left.
You knew the following spells:

 Your Spells              Type           Power      Damage    Failure   Level
a - Freeze                Ice            100%       1d11      1%          1
b - Frozen Ramparts       Ice            100%       1d12      1%          3
c - Ozocubu's Armour      Ice            56%        N/A       1%          3
d - Hailstorm             Conj/Ice       56%        3d12      1%          4
e - Summon Ice Beast      Ice/Summ       56%        N/A       1%          4
f - Animate Skeleton      Necr           100%       N/A       1%          1
g - Blink                 Tloc           N/A        N/A       1%          2
h - Spider Form           Tmut/Pois      28%        N/A       1%          3
i - Lesser Beckoning      Tloc           28%        N/A       1%          3
j - Yara's Violent Unrav  Hex/Tmut       28%        3d12      3%          5
Your spell library was empty.

Dungeon Overview and Level Annotations

Branches:
Dungeon (1/1)

Altars:
Ashenzari
Cheibriados
Dithmenos
Elyvilon
Fedhas
Gozag
Hepliaklqana
Kikubaaqudgha
Makhleb
Nemelex Xobeh
Okawaru
Qazlal
Ru
Sif Muna
Trog
Uskayaw
Vehumet
Wu Jian
Xom
Yredelemnul
Zin
The Shining One
Beogh
Jiyva
Lugonu


Innate Abilities, Weirdness & Mutations

You are immune to poison.
Your flesh is very heat resistant. (rF++)
You are vulnerable to cold. (rC-)
You float through the air rather than walking.
You learn spells naturally, not from books.
Your magical power is your life essence.
You have superior vitality. (+4 HP)


Message History

The noxious blast misses you.
Unknown command.
You closely miss the swamp drake.
The swamp drake is moderately wounded.
The wall freezes the swamp drake!
The swamp drake closely misses you.
You riposte.
You slash the swamp drake! You burn the swamp drake.
You kill the swamp drake!
Makhleb accepts your kill.
You feel better.
The white draconian breathes frost at you.
The blast of cold hits you!!!
You feel a terrible chill!
Ouch! That really hurt!
Unknown command.
Your frozen ramparts will break if you move.
Continue?
The frozen ramparts melt away as you move.
You feel much better.
The white draconian breathes frost at you.
The blast of cold hits you!!
You feel a terrible chill!
* * * LOW HITPOINT WARNING * * *
Unknown command.
You feel much better.
Unknown command.
You feel much better.
Unknown command.
Casting: Frozen Ramparts (safe; 1% risk of failure)
Confirm with . or Enter, or press ? or * to list all spells.
Casting: Frozen Ramparts (safe; 1% risk of failure)
Press: ? - help, Dir - look around, f - activate The walls around you are covered in ice.
The white draconian resists.
The wall freezes the white draconian.
The white draconian hits you with a +0 war axe!
Unknown command.
Casting: Frozen Ramparts (safe; 1% risk of failure)
Confirm with . or Enter, or press ? or * to list all spells.
A film of ice covers your body!
The white draconian resists.
The wall freezes the white draconian.
The white draconian breathes frost at you.
The blast of cold hits you!!!
You feel a terrible chill!
Ouch! That really hurt!
You die...

...........# ####''######
..##''################
..##..†.##..'...##...###
..##...##...#..##......##
..##..##...##..#........##
..##..#...##...'.........#
..##..'..##...÷###°.k....##
..##.##..#....÷d@###......#
######...).........##.....#
### #....#....####..##.d..#+
.[##..#..##..##..##..+.....#
[[##.###..##.')...'..#......
))####.##..#.##..##..# .....
.)# #...[).'..####...## ..##
))##....#..##.........# ##
#######################


You could see a white draconian (catching breath).

Vanquished Creatures
  A vampire knight (D)
  A boulder beetle (D)
  A catoblepas (D)
  A bog body (D)
  A lindwurm (D)
  2 deep elf pyromancers (D)
  2 deep elf zephyrmancers (D)
  A manticore (D)
  A smoke demon (D)
  A hellwing (D)
  A troll (D)
  A flying skull (D)
  A shadow (D)
  A basilisk (D)
  3 vampire mosquitoes (D)
  A warg (D)
  A floating eye (D)
  A water moccasin (D)
  A sky beast (D)
  3 swamp drakes (D)
  A necrophage (D)
  2 scorpions (D)
  4 wights (D)
  A crimson imp (D)
  An iguana (D)
  An adder (D)
  2 river rats (D)
  An ufetubus (D)
  2 orcs (D)
  An endoplasm (D)
  2 goblins (D)
  3 ball pythons (D)
  3 frilled lizards (D)
  A rat (D)
51 creatures vanquished.

Notes
Turn   | Place    | Note
-------+----------+-------------------------------------------
     0 | D        | rocky1 the Djinni Ice Elementalist began the quest for the
                  | Orb.
     0 | D        | Reached XP level 1. HP: 15/15 MP: 0/0
    11 | D        | Noticed a floating eye
    14 | D        | Paralysed by a floating eye for 4 turns
    21 | D        | Paralysed by a floating eye for 4 turns
    36 | D        | Paralysed by a floating eye for 3 turns
    43 | D        | Killed a floating eye
    44 | D        | Reached skill level 4 in Dodging
    44 | D        | Reached XP level 2. HP: 26/26 MP: 0/0
    44 | D        | Reached XP level 3. HP: 31/31 MP: 0/0
    44 | D        | Learned a level 1 spell: Animate Skeleton
    44 | D        | Reached XP level 4. HP: 37/37 MP: 0/0
   161 | D        | Found a bloodstained altar of Trog.
   161 | D        | Found a viscous altar of Jiyva.
   161 | D        | Found a hazy altar of Hepliaklqana.
   161 | D        | Found an opulent altar of Gozag.
   162 | D        | Found a glowing golden altar of the Shining One.
   162 | D        | Found a glowing silver altar of Zin.
   162 | D        | Found a basalt altar of Yredelemnul.
   162 | D        | Found a shimmering altar of Xom.
   162 | D        | Found an ornate altar of the Wu Jian Council.
   162 | D        | Found a sacrificial altar of Ru.
   162 | D        | Found a stormy altar of Qazlal.
   162 | D        | Found an iron altar of Okawaru.
   162 | D        | Found a sparkling altar of Nemelex Xobeh.
   162 | D        | Found a burning altar of Makhleb.
   162 | D        | Found a blossoming altar of Fedhas.
   162 | D        | Found a white marble altar of Elyvilon.
   162 | D        | Found a shadowy altar of Dithmenos.
   162 | D        | Found a snail-covered altar of Cheibriados.
   165 | D        | Found a corrupted altar of Lugonu.
   166 | D        | Found a hide-covered altar of Uskayaw.
   166 | D        | Found a broken altar of Ashenzari.
   172 | D        | Became a worshipper of Makhleb the Destroyer
   188 | D        | Noticed a scorpion
   192 | D        | Killed a scorpion
   193 | D        | Reached skill level 5 in Dodging
   193 | D        | Reached skill level 5 in Spellcasting
   193 | D        | Reached XP level 5. HP: 32/42 MP: 0/0
   193 | D        | Learned a level 2 spell: Blink
   264 | D        | Reached * piety under Makhleb
   304 | D        | Reached ** piety under Makhleb
   383 | D        | Noticed a sky beast
   397 | D        | Reached skill level 6 in Dodging
   409 | D        | Killed a sky beast
   409 | D        | Reached *** piety under Makhleb
   410 | D        | Reached skill level 5 in Fighting
   410 | D        | Reached skill level 5 in Long Blades
   410 | D        | Reached skill level 5 in Stealth
   410 | D        | Reached XP level 6. HP: 33/49 MP: 0/0
   609 | D        | Noticed a flying skull
   618 | D        | Killed a flying skull
   619 | D        | Reached skill level 7 in Dodging
   619 | D        | Reached XP level 7. HP: 13/57 MP: 0/0
   619 | D        | Learned a level 3 spell: Spider Form
  1009 | D        | Noticed a basilisk
  1015 | D        | Killed a basilisk
  1015 | D        | Reached **** piety under Makhleb
  1016 | D        | Reached skill level 8 in Dodging
  1324 | D        | Reached ***** piety under Makhleb
  1436 | D        | Noticed a deep elf zephyrmancer
  1437 | D        | Noticed a warg
  1445 | D        | Killed a warg
  1446 | D        | Reached skill level 1 in Invocations
  1446 | D        | Reached XP level 8. HP: 47/64 MP: 0/0
  1449 | D        | Killed a deep elf zephyrmancer
  1450 | D        | Reached skill level 9 in Dodging
  1481 | D        | Got the +2 scimitar "Cucuuz" {flame, rPois Int+3}
  1562 | D        | Upgraded the game from 0.27-a0-931-g5a74e75d8f to
                  | 0.27-a0-978-g2aa4ecdaef
  1562 | D        | Noticed a lindwurm
  1563 | D        | Noticed a bog body
  1569 | D        | Killed a bog body
  1570 | D        | Reached XP level 9. HP: 45/71 MP: 0/0
  1570 | D        | Learned a level 3 spell: Lesser Beckoning
  1580 | D        | Killed a lindwurm
  1581 | D        | Reached skill level 10 in Dodging
  1581 | D        | Reached skill level 5 in Invocations
  1712 | D        | Noticed a troll
  1723 | D        | Killed a troll
  1723 | D        | Reached ****** piety under Makhleb
  1727 | D        | Noticed a deep elf pyromancer
  1738 | D        | Killed a deep elf pyromancer
  1739 | D        | Reached skill level 1 in Armour
  1848 | D        | Noticed a smoke demon
  1848 | D        | Noticed a deep elf pyromancer
  1848 | D        | Noticed a deep elf zephyrmancer
  1853 | D        | Killed a smoke demon
  1854 | D        | Reached XP level 10. HP: 59/80 MP: 0/0
  1855 | D        | Killed a deep elf pyromancer
  1856 | D        | Reached skill level 10 in Fighting
  1856 | D        | Reached skill level 11 in Dodging
  1856 | D        | Killed a deep elf zephyrmancer
  2053 | D        | Noticed a manticore
  2074 | D        | Killed a manticore
  2243 | D        | Noticed a vampire knight
  2243 | D        | Noticed a boulder beetle
  2256 | D        | Killed a vampire knight
  2257 | D        | Reached skill level 10 in Stealth
  2471 | D        | Killed a boulder beetle
  2472 | D        | Reached skill level 10 in Long Blades
  2472 | D        | Reached skill level 5 in Armour
  2472 | D        | Reached skill level 12 in Dodging
  2472 | D        | Reached skill level 10 in Spellcasting
  2472 | D        | Reached XP level 11. HP: 64/86 MP: 0/0
  2472 | D        | Learned a level 5 spell: Yara's Violent Unravelling
  2566 | D        | Noticed a white draconian
  2592 | D        | Noticed a catoblepas
  2610 | D        | HP: 3/86 [catoblepas (17)]
  2614 | D        | Killed a catoblepas
  2619 | D        | HP: 2/87 [vampire mosquito (5)]
  2856 | D        | Killed from afar by a white draconian

Illustrated notes

Levels and vault maps discovered:
D:        pitsprint [storerooms_1, entrance_room_1, metal_vault_7, armoury_1,
          mini_pit_1, grid_room_1, main_hall_1, silver_pit, the_coven_2,
          the_vestibule_1, steel_vault_3, golden_pit, hallway_of_sentries,
          crystal_vault_5, iron_vault_1, final_vault]

Skill      XL: |  1  2  3  4  5  6  7  8  9 10 11 |
---------------+----------------------------------+-----
Fighting       | 3 4 5 6 7 8 9 10 11 | 11.1
Long Blades    | 3 4 5 6 7 9 10 | 10.4
Dodging        | 4 5 6 7 8 9 10 12 | 12.3
Stealth        | 3 4 5 6 7 8 9 10 | 10.5
Spellcasting   | 4 5 6 7 8 9 10 | 10.2
Invocations    | 1 4 6 8 |  8.7
Armour         | 2 5 6 |  6.0

Action                   |  1- 3 |  4- 6 |  7- 9 | 10-12 || total
-------------------------+-------+-------+-------+-------++-------
Melee: Falchion          |     8 |    14 |       |       ||    22
       Long sword        |       |    14 |    17 |       ||    31
       Scimitar          |       |       |    20 |    67 ||    87
 Cast: Frozen Ramparts   |       |     5 |     8 |    11 ||    24
       Ozocubu's Armour  |       |     2 |     5 |     7 ||    14
       Hailstorm         |       |       |     8 |     1 ||     9
       Freeze            |       |       |     1 |       ||     1
  Use: Potion            |       |       |       |    10 ||    10
 Stab: Sleeping          |       |       |     1 |     4 ||     5
       Petrified         |       |       |       |     7 ||     7
       Petrifying        |       |       |       |     3 ||     3
Armor: Robe              |       |     8 |     8 |       ||    16
       Leather armour    |       |       |       |     5 ||     5
Dodge: Dodged            |       |    23 |    31 |    53 ||   107
       Rpst.: Falchion   |       |     5 |       |       ||     5
       Long sword        |       |     4 |     7 |       ||    11
       Scimitar          |       |       |     7 |    11 ||    18

Table legend: (Time is in decaauts)
 A = Elapsed time spent in this place.
 B = Non-inter-level travel time spent in this place.
 C = Inter-level travel time spent in this place.
 D = Time resting spent in this place.
 E = Time spent auto-exploring this place.
 F = Levels seen in this place.
 G = Mean time per level.
                   A        B        C        D        E       F      G
               +--------+--------+--------+--------+--------+-----+--------+
         Total |   2868 |   2806 |     62 |   2166 |      0 |   1 | 2868.0 |
       Dungeon |   2868 |   2806 |     62 |   2166 |      0 |   1 | 2868.0 |
               +--------+--------+--------+--------+--------+-----+--------+

Top non-repeatable levels by time:
       D: 2868 daAuts
